AoeStats
← owengold23

Arabia

509852067Analyzed
1v1 RM · 5d ago on Sep 28, 2026· 40m 13s· 2 players
Game mode
Random Map
Map size
Tiny (2 player)
Population
200
Speed
Normal
Resources
Standard
Victory
Conquest
Starting age
Dark Age
Ending age
Imperial Age
RankedLock teamsTeams togetherTeam positionsShared explorationLock speedFull tech treeHidden civsTurbo modeCheats
Victory
Defeat
🇪🇸 Bengalis · Spain
1571
+18
🇦🇺 Hindustanis · Australia
1611
-18
Pol
6:25 Loom
8:56 Feudal Age
13:04 Wheelbarrow
12:23 Horse Collar
13:08 Double-Bit Axe
15:31 Fletching
22:21 Castle Age
21:31 Padded Archer Armor
21:56 Horse Collar
22:08 Gold Mining
22:24 Crossbowman
23:05 Bodkin Arrow
25:32 Gold Shaft Mining
25:23 Bow Saw
27:21 Leather Archer Armor
26:45 Elite Skirmisher
28:21 Ballistics
32:48 Imperial Age
33:35 Bracer
34:38 Chemistry
33:37 Arbalester
39:05 Heavy Plow
owengold23
5:41 Loom
8:25 Feudal Age
9:03 Double-Bit Axe
12:34 Fletching
12:47 Horse Collar
16:52 Padded Archer Armor
17:34 Wheelbarrow
21:18 Castle Age
20:46 Bloodlines
20:51 Gold Mining
21:21 Elite Skirmisher
21:57 Bodkin Arrow
22:20 Leather Archer Armor
22:17 Bow Saw
24:31 Town Watch
29:28 Scale Barding Armor
29:33 Forging
30:28 Ballistics
30:35 Chain Barding Armor
29:38 Light Cavalry
37:50 Imperial Age
37:54 Scale Mail Armor
38:51 Gold Shaft Mining
39:49 Chemistry
39:40 Chain Mail Armor
Connection lost

Rejoining the realm…

Still unreachable

The connection could not be restored.

Session expired

The server has moved on; the page needs a fresh start.